 Dungeon Crawl Stone Soup version 0.26.1-2-gb8aa6d0cf2 (webtiles) character file.

Game seed: 15700831977072714166

75 windgrace the Skirmisher (level 4, -1/45 HPs)
             Began as a Naga Monk on Feb 21, 2021.
             Slain by a phantom (7 damage)
             ... on level 2 of the Dungeon.
             The game lasted 00:07:55 (1558 turns).

windgrace the Skirmisher (Naga Monk)                Turns: 1558, Time: 00:07:56

Health: -1/45      AC:  4    Str:  9    XL:     4   Next: 31%
Magic:  4/4        EV: 11    Int: 10    God:
Gold:   94         SH:  0    Dex: 15    Spells: 3/3 levels left

rFire    . . .     SeeInvis +   a - +1 falchion
rCold    . . .     Faith    .   (no shield)
rNeg     . . .     Spirit   .   b - +0 robe
rPois    +         Reflect  .   d - +1 helmet
rElec    .         Harm     +   g - scarf {harm}
rCorr    .         Rampage  .   (no gloves)
Will     .....                  (no barding)
Stlth    ++........             h - amulet of inaccuracy (curse)
HPRegen  0.15/turn              e - -4 ring of strength (curse)
MPRegen  0.09/turn              (no ring)

@: short of breath, hasted, quick
A: large, see invisible, deformed body, poison resistance, slowness 2, spit
poison 1, AC +1
a: Spit Poison


You were on level 2 of the Dungeon.
You visited 1 branch of the dungeon, and saw 2 of its levels.

You collected 94 gold pieces.

Inventory:

Hand Weapons
 a - a +1 falchion (weapon)
Armour
 b - a +0 robe (worn)
 d - a +1 helmet (worn)
 g - a scarf of harm (worn)
Jewellery
 e - a cursed -4 ring of strength (left hand)
 h - a cursed amulet of inaccuracy (around neck)
 j - an uncursed amulet of regeneration {unknown}
Scrolls
 i - a scroll of identify
Potions
 c - a potion of resistance


   Skills:
 + Level 4.5 Fighting
 - Level 3.0 Long Blades
 - Level 3.0 Dodging
 - Level 3.0 Stealth


You had 3 spell levels left.
You didn't know any spells.
Your spell library was empty.

Dungeon Overview and Level Annotations

Branches:
Dungeon (2/15)

Altars:


Innate Abilities, Weirdness & Mutations

You cannot wear boots.
Your serpentine skin is tough. (AC +1)
You have supernaturally acute eyesight. (SInv)
Armour fits poorly on your strangely shaped body.
Your system is resistant to poisons. (rPois)
You cover ground very slowly.
You can spit poison.


Message History

* * * LOW HITPOINT WARNING * * *
The phantom blinks!
You see here 16 poisoned darts.
Press: ? - help, Shift-Dir - straight line, f - phantom
Aim: a phantom (moderately damaged)
The splash of poison misses the phantom.
The phantom blinks!
There is an open door here.
You see here 16 poisoned darts.
You have got your breath back.
Press: ? - help, Shift-Dir - straight line, f/p - phantom
Aim: a phantom (lightly damaged)
The splash of poison hits the phantom.
The phantom completely resists.
The phantom is lightly damaged.
You completely miss the phantom.
The phantom is lightly damaged.
You hit the phantom but do no damage.
The phantom is lightly damaged.
The phantom hits you.
You die...

.##..### .........#
.'..>.†# #######'##
.#.....# #W# .#.....#
#.# .#.....# #†#
.#...).# #.#
##.....##### #.#
#.........########.#
##.........'(..W@...#
...........##########
...........#
...........#
...######### †..#
...# ...# ...#


You could see a phantom.

Vanquished Creatures
  2 adders (D:2)
  An ooze (D:1)
  A worm (D:2)
  3 dart slugs (D:1)
  3 leopard geckos
  A ball python (D:2)
  5 goblins
  3 hobgoblins
  4 jackals (D:1)
  5 kobolds
  7 bats
  A frilled lizard (D:1)
  2 rats
38 creatures vanquished.

Notes
Turn   | Place    | Note
-------+----------+-------------------------------------------
     0 | D:1      | windgrace the Naga Monk began the quest for the Orb.
     0 | D:1      | Reached XP level 1. HP: 21/21 MP: 1/1
   298 | D:1      | Reached XP level 2. HP: 28/28 MP: 2/2
   409 | D:1      | Reached XP level 3. HP: 15/34 MP: 3/3
  1089 | D:2      | Reached skill level 4 in Fighting
  1235 | D:2      | Reached XP level 4. HP: 44/44 MP: 4/4
  1456 | D:2      | Noticed a phantom
  1558 | D:2      | Slain by a phantom

Illustrated notes

Levels and vault maps discovered:
D:1:      saegor_arrival_miasma, layout_basic, st_stairs_13
D:2:      layout_basic, yredelemnul_forgotten_temple_becter,
          chequers_serial_rivers_small_a

Skill      XL: |  1  2  3 |
---------------+----------+-----
Dodging        | 3 |  3.0
Fighting       | 4 |  4.5
Long Blades    | |  3.0
Stealth        | |  3.0

Action                   |  1- 3 |  4- 6 || total
-------------------------+-------+-------++-------
Melee: Falchion          |    70 |    41 ||   111
 Abil: Spit Poison       |    21 |    10 ||    31
  Use: Scroll            |     5 |     2 ||     7
       Potion            |       |     1 ||     1
 Stab: Sleeping          |     1 |       ||     1
Armor: Robe              |    14 |     7 ||    21
Dodge: Dodged            |    56 |    22 ||    78
       Rpst.: Falchion   |    22 |     5 ||    27
